 Dungeon Crawl Stone Soup version 0.31.0-11-ge490571c62 (webtiles) character file.

Game seed: 7585085562337941628

25 Esekla the Grasshopper (level 3, 18/18 HPs)
             Began as a Vine Stalker Warper on Feb 1, 2024.
             Was a Plaything of Xom.
             Quit the game on level 1 of the Dungeon.
             The game lasted 00:02:31 (280 turns).

Esekla the Grasshopper (Vine Stalker Warper)         Turns: 280, Time: 00:02:32

Health: 18/18      AC:  5    Str: 13    XL:     3   Next: 4%
Magic:  7/7        EV: 11    Int: 15    God:    Xom [..*...]
Gold:   21         SH:  0    Dex: 13    Spells: 4/6 levels left

rFire   . . .        a - +0 falchion
rCold   . . .        (no shield)
rNeg    . . .        b - +0 leather armour
rPois   .            i - +0 helmet
rElec   .            (no cloak)
rCorr   .            (no gloves)
SInv    .            e - +0 pair of boots
Will    .....        (no amulet)
Stlth   +            (no ring)
HPRegen 1.03/turn    (no ring)
MPRegen 0.10/turn

%: guardian spirit
@: no status effects
A: fangs 2, regeneration 1, magic shield, antimagic bite, no potion heal 2
a: Renounce Religion


You were on level 1 of the Dungeon.
You worshipped Xom.
You were a toy of Xom.
You visited 1 branch of the dungeon, and saw 1 of its levels.

You collected 21 gold pieces.

Inventory:

Hand Weapons
 a - a +0 falchion (weapon)
 f - a +0 dagger
Missiles
 d - 7 darts of dispersal (quivered)
Armour
 b - a +0 leather armour (worn)
 e - a +0 pair of boots (worn)
 i - a +0 helmet (worn)
Scrolls
 c - 2 scrolls of blinking
Potions
 g - a potion of heal wounds {unknown}
 h - 2 potions of lignification {unknown}


   Skills:
 * Level 2.1 Fighting
 + Level 2.2 Long Blades
 + Level 0.8 Throwing
 - Level 0.7 Armour
 + Level 1.6 Dodging
 * Level 2.4 Spellcasting
 + Level 3.3 Translocations


You had 4 spell levels left.
You knew the following spells:

 Your Spells              Type           Power      Damage    Failure   Level
b - Blink                 Tloc           22%        N/A       11%         2

Your spell library contained the following spells:

 Spells                   Type           Power      Damage    Failure   Level
 Lesser Beckoning         Tloc           22%        N/A       11%         2
 Gell's Gravitas          Tloc           11%        N/A       21%         3
 Teleport Other           Tloc           11%        N/A       21%         3
 Manifold Assault         Tloc           11%        N/A       56%         4
 Vhi's Electric Charge    Tloc/Air       12%        N/A       80%         4


Dungeon Overview and Level Annotations

Branches:
Dungeon (1/15)

Altars:
Xom


Innate Abilities, Weirdness & Mutations

You have extremely sharp teeth.
Your natural rate of healing is unusually fast.
When hurt, damage is shared between your health and your magic reserves.
Your bite disrupts and absorbs the magic of your enemies.
Potions cannot restore your health.


Message History

The ball python bites you but does no damage.
The ball python barely misses you.
The ball python bites you but does no damage.
The ball python barely misses you.
You barely miss the ball python. The ball python closely misses you.
The ball python barely misses you.
You barely miss the ball python. Your bite misses the ball python.
The ball python closely misses you. The ball python barely misses you.
The ball python bites you but does no damage.
The ball python barely misses you.
You closely miss the ball python. Your bite misses the ball python.
The ball python bites you but does no damage.
The ball python misses you.
You hit the ball python but do no damage.
You punch the ball python, but do no damage.
The ball python bites you. The ball python grabs you.
The ball python constricts you.
The ball python bites you but does no damage.
The ball python constricts you.
You closely miss the ball python. The ball python barely misses you.
The ball python constricts you.
You barely miss the ball python. You bite the ball python.
You kill the ball python!
You enter the shallow water.
Moving in this stuff is going to be slow.
You see here a ball python corpse.
You enter the shallow water.
Moving in this stuff is going to be slow.
Found a faded altar of an unknown god.
You enter the shallow water.
Moving in this stuff is going to be slow.
You see here a +0 helmet.
You start putting on your armour.
You continue putting on your +0 helmet. x4
You finish putting on your +0 helmet.
There is a faded altar of an unknown god here.
This altar belongs to (a) Xom, (b) Vehumet or (c) Uskayaw, but you can't tell which.
Press the corresponding letter to learn more about a god, or press enter to convert or escape to cancel.
Xom accepts your prayer! Xom welcomes you!
Xom is very intrigued!
Are you sure you want to abandon this character and quit the game? (Confirm with "yes".)

#............####...##
#....>....####PP#..##
#.......###P.P.P#.####
#...†####P~~~†~.#.....
#...##P..~.PP.P~~..###
#...#PP.~P###..P#.##
#...#.~~### ##.P#...
#...#.### ##P#..>..
#.###@# ###.#..# #.#
#8# ...... #.# ###
..##.. ##.# .# ## #..#
#..# ####..# #....##
#....#


There were no monsters in sight!

Vanquished Creatures
  A ball python (D:1)
  A giant cockroach (D:1)
  3 goblins (D:1)
  A hobgoblin (D:1)
  6 jackals (D:1)
  2 quokkas (D:1)
  3 bats (D:1)
  2 frilled lizards (D:1)
  2 kobolds (D:1)
21 creatures vanquished.

Notes
Turn   | Place    | Note
-------+----------+-------------------------------------------
     0 | D:1      | Esekla the Vine Stalker Warper began the quest for the Orb.
     0 | D:1      | Reached XP level 1. HP: 11/11 MP: 4/4
    96 | D:1      | Reached XP level 2. HP: 15/15 MP: 4/6
   108 | D:1      | Learned a level 2 spell: Blink
   208 | D:1      | Reached XP level 3. HP: 18/18 MP: 5/7
   268 | D:1      | Found a faded altar of an unknown god.
   279 | D:1      | Prayed at the altar of an unknown god.
   279 | D:1      | Became a worshipper of Xom of Chaos
   280 | D:1      | Quit the game

Illustrated notes

Levels and vault maps discovered:
D:1:      amcnicky_arrival_underground_garden, layout_rooms,
          shapermc_ecumenical_altar_hornbeckon, minmay_tree_intersection

Skill      XL: |  1  2 |
---------------+-------+-----
Long Blades    | 2 |  2.2
Fighting       | 2 |  2.1
Throwing       | |  0.8
Armour         | |  0.7
Dodging        | |  1.6
Spellcasting   | |  2.4
Translocations | |  3.3

Action                     || total
---------------------------++-------
  Melee: Falchion          ||    65
         Bite              ||    11
         Punch             ||     2
 Armour: Leather armour    ||    42
  Dodge: Dodged            ||    62
